Map: Oblivion Express

Players

Alebay

  • Race: Protoss Protoss
  • Spawn Location: 0:00

MattBarry

  • Race: Protoss Protoss
  • League: Gold
  • Spawn Location: 12:00

VOD

Have the link to the VOD?

Description

Time

  • Played on: Jan. 20, 2023, 7:04 p.m.
  • Length: 17:23
Show
View Real Time Build Order
Export as new Build Order

Alebay Protoss 

Build Orders:  

Get SALT Encoding   

  12  0:02  Probe (Chrono Boost)  
  13  0:15  Probe (Chrono Boost)  
  14  0:26  Pylon  
  14  0:30  Probe (Chrono Boost)  
  15  0:51  Probe (Chrono Boost)  
  15  0:54  Gateway  
  15  0:56  Cybernetics Core  
  16  1:04  Probe (Chrono Boost)  
  17  1:16  Assimilator  
  17  1:17  Probe (Chrono Boost)  
  18  1:26  Pylon  
  18  1:31  Probe (Chrono Boost)  
  19  1:44  Probe (Chrono Boost)  
  20  1:57  Probe (Chrono Boost)  
  21  2:00  Legionnaire  
  24  2:10  Assimilator, Probe (Chrono Boost)  
  25  2:23  Probe (Chrono Boost)  
  25  2:29  Pylon  
  26  2:32  Legionnaire  
  26  2:35  Warp Gate  
  30  2:40  Probe (Chrono Boost)  
  30  2:54  Kaldalis' A.I. Personality  
  30  2:57  Probe (Chrono Boost)  
  33  3:14  Probe (Chrono Boost)  
  35  3:31  Probe (Chrono Boost)  
  35  3:41  Talis' A.I. Personality  
  35  3:50  Adept  
  35  3:58  Gateway  
  35  3:59  Forge  
  37  4:04  Pylon  
  37  4:07  Pylon  
  37  4:18  Adept  
  39  4:28  Purifier Armaments  
  39  4:37  Legionnaire  
  42  4:55  Gateway  
  42  5:01  Pylon  
  42  5:03  Adept  
  45  5:21  Protoss Ground Weapons Level 1, Probe (Chrono Boost)  
  45  5:29  Adept x2  
  49  5:58  Nexus  
  49  6:34  Probe (Chrono Boost)  
  50  6:49  Adept x3  
  57  6:51  Probe (Chrono Boost)  
  57  7:08  Probe (Chrono Boost)  
  58  7:19  Adept x2  
  62  7:25  Probe (Chrono Boost)  
  63  7:46  Pylon, Probe (Chrono Boost)  
  63  7:49  Pylon, Probe (Chrono Boost)  
  65  7:52  Pylon  
  65  7:58  Protoss Ground Armor Level 1  
  65  7:59  Probe (Chrono Boost)  
  66  8:05  Probe (Chrono Boost)  
  66  8:07  Legionnaire  
  70  8:12  Probe (Chrono Boost)  
  70  8:18  Probe (Chrono Boost)  
  72  8:25  Probe (Chrono Boost)  
  72  8:27  Pylon  
  73  8:30  Adept x2  
  73  8:37  Probe (Chrono Boost)  
  73  8:38  Probe (Chrono Boost)  
  79  8:50  Probe (Chrono Boost)  
  74  9:41  Adept x3  
  80  10:08  Photon Cannon  
  80  10:09  Photon Cannon  
  80  10:15  Photon Cannon  
  80  10:18  Probe x2 (Chrono Boost)  
  82  10:21  Assimilator  
  82  10:26  Assimilator  
  82  10:31  Probe (Chrono Boost)  
  82  10:34  Legionnaire x3  
  92  11:13  Robotics Facility  
  92  11:16  Robotics Facility, Probe x2 (Chrono Boost)  
  92  11:19  Robotics Facility  
  94  11:24  Adept x3  
  94  11:29  Probe x2 (Chrono Boost)  
  102  11:42  Probe x2 (Chrono Boost)  
  102  11:43  Pylon  
  102  11:46  Pylon  
  101  11:50  Pylon  
  101  11:52  Pylon  
  101  11:55  Pylon  
  85  12:21  Adept x2  
  85  12:22  Adept  
  91  13:00  Adept x3  
  97  13:14  Pylon  
  97  13:15  Immortal x3  
  97  13:17  Pylon  
  107  13:21  Protoss Shields Level 1  
  107  13:22  Pylon  
  107  13:24  Pylon  
  104  13:30  Pylon  
  104  13:35  Legionnaire x2  
  104  13:36  Legionnaire  
  109  13:50  Twilight Council  
  107  14:08  Legionnaire x2  
  107  14:09  Legionnaire  
  116  14:11  Immortal x2  
  116  14:12  Immortal  
  116  14:18  Taldarin's A.I. Personality  
  125  14:33  Adept  
  125  14:34  Charge, Adept x2  
  123  15:21  Psionic Projection  
  111  15:35  Adept x3  
  77  16:01  Legionnaire x3  
  77  16:07  Empowered Blades  
  79  16:28  Adept  
  79  16:29  Adept x2  
Show
View Real Time Build Order
Export as new Build Order

MattBarry Protoss 

Build Orders:  

Get SALT Encoding   

  12  0:04  Probe (Chrono Boost)  
  13  0:18  Probe (Chrono Boost)  
  14  0:25  Pylon  
  14  0:39  Probe (Chrono Boost)  
  15  0:48  Assimilator  
  15  0:53  Probe (Chrono Boost)  
  16  1:06  Probe (Chrono Boost)  
  17  1:10  Gateway  
  17  1:20  Probe (Chrono Boost)  
  18  1:34  Probe (Chrono Boost)  
  18  1:37  Gateway  
  19  1:48  Probe (Chrono Boost)  
  20  2:02  Probe (Chrono Boost)  
  21  2:16  Probe (Chrono Boost)  
  23  2:30  Probe (Chrono Boost)  
  23  2:50  Pylon  
  23  3:15  Supplicant x2, Probe (Chrono Boost)  
  28  3:22  Pylon  
  28  3:25  Assimilator  
  28  3:29  Probe (Chrono Boost)  
  29  3:45  Probe (Chrono Boost)  
  29  3:47  Supplicant x2  
  34  3:58  Probe (Chrono Boost)  
  35  4:02  Supplicant x2  
  39  4:15  Forge  
  39  4:18  Pylon  
  39  4:28  Cybernetics Core  
  39  4:43  Supplicant x4  
  47  4:50  Pylon  
  47  4:55  Pylon  
  47  4:58  Pylon  
  47  5:05  Photon Cannon  
  47  5:20  Gateway  
  47  5:25  Warp Gate  
  47  5:32  Probe (Chrono Boost)  
  48  5:47  Pylon  
  48  6:01  Probe (Chrono Boost)  
  48  6:04  Protoss Air Weapons Level 1, Pylon, Protoss Ground Weapons Level 1  
  49  6:15  Forge  
  49  6:41  Supplicant x2  
  51  7:10  Gateway  
  51  7:13  Supplicant x6  
  57  7:39  Probe (Chrono Boost)  
  54  7:57  Photon Cannon  
  54  8:02  Photon Cannon  
  54  8:03  Pylon  
  54  8:14  Photon Cannon  
  54  8:20  Photon Cannon  
  54  8:55  Nexus  
  48  10:18  Supplicant x4  
  48  10:19  Supplicant x2  
  56  10:37  Pylon  
  56  10:39  Gateway, Protoss Shields Level 1  
  56  10:42  Gateway, Pylon  
  56  10:44  Gateway  
  56  10:58  Probe (Chrono Boost)  
  57  11:12  Probe (Chrono Boost)  
  58  11:26  Probe (Chrono Boost)  
  58  11:27  Supplicant x2  
  54  11:40  Probe (Chrono Boost)  
  54  11:54  Probe (Chrono Boost)  
  53  12:05  Slayer x3  
  53  12:06  Slayer  
  53  12:58  Slayer x4  
  53  12:59  Slayer  
  61  13:19  Probe (Chrono Boost)  
  62  13:32  Probe (Chrono Boost)  
  61  13:46  Probe (Chrono Boost)  
  58  14:00  Probe (Chrono Boost)  
  55  14:11  Supplicant x4  
  55  14:12  Supplicant x4  
  55  14:14  Probe (Chrono Boost)  
  72  14:27  Probe (Chrono Boost)  
  72  14:28  Probe (Chrono Boost)  
  74  14:41  Probe (Chrono Boost)  
  74  14:42  Probe (Chrono Boost)  
  70  14:55  Probe (Chrono Boost)  
  70  14:56  Probe (Chrono Boost)  
  68  15:08  Probe (Chrono Boost)  
  59  15:22  Probe (Chrono Boost)  
  48  15:38  Supplicant x6  
  48  15:39  Supplicant x8  
  67  16:32  Slayer x4  
Tags
 
Commander
AlarakFenix
League
Gold
Matchup
Co-op
Replay Pack
Multiplayer
Add a new tag
Caveats
  • Supply blocks, unpowered buildings, or Contaminate may cause inaccurate times.
  • Supply counts are checked every 10 seconds.